 Dungeon Crawl Stone Soup version 0.23.0-3-gf3c87f2 (webtiles) character file.

Game seed: 3464674966788572635

176666 melvinkitnick the Phalangite (level 17, 0/127 HPs)
             Began as a Merfolk Monk on Feb 23, 2019.
             Was the Champion of Hepliaklqana.
             Slain by a tentacle (7 damage)
             ... attached to a kraken
             ... on level 2 of the Shoals on Feb 24, 2019.
             The game lasted 01:58:37 (40490 turns).

melvinkitnick the Phalangite (Merfolk Monk)        Turns: 40490, Time: 01:58:38

Health: 0/127      AC: 20    Str: 22    XL:     17   Next: 83%
Magic:  23/23      EV: 13    Int:  9    God:    Hepliaklqana [******]
Gold:   1442       SH:  0    Dex: 18    Spells: 16/16 levels left

rFire    . . .     SeeInvis +   C - +5 bardiche (chop)
rCold    . . .     Gourm    .   (shield currently unavailable)
rNeg     . . .     Faith    .   Y - +0 chain mail "Zynewn" {rPois Str+5}
rPois    +         Spirit   .   n - +0 helmet {SInv}
rElec    .         Reflect  .   U - scarf {repulsion}
rCorr    .         Harm     .   d - +2 pair of gloves
MR       +....                  (boots currently unavailable)
Stlth    ..........             a - amulet of the acrobat
HPRegen  0.31/turn              A - +3 ring of protection
MPRegen  0.18/turn              w - +6 ring of slaying

@: repel missiles, very quick
A: change form in water, swift swim, stealthy swim, reduced essence
}: 1/15 runes: gossamer
a: Recall Ancestor, Ancestor Identity, Transference, Idealise, Renounce Religion


You were on level 2 of the Shoals.
You worshipped Hepliaklqana.
Hepliaklqana was exalted by your worship.
You were not hungry.

You visited 6 branches of the dungeon, and saw 30 of its levels.
You also visited: Ossuary and Ice Cave.

You collected 2719 gold pieces.
You spent 1277 gold pieces at shops.

Inventory:

Hand Weapons
 o - a +5 trident of flaming
 C - a +5 bardiche of chopping (weapon)
Missiles
 K - 7 throwing nets
 R - 12 silver javelins (quivered)
Armour
 d - a +2 pair of gloves (worn)
 n - a +0 helmet of see invisible (worn)
 U - a scarf of repulsion (worn)
 W - a +2 pair of boots (melded)
 Y - the +0 chain mail "Zynewn" (worn) {rPois Str+5}
   (You bought it in a shop on level 8 of the Dungeon)

   It affects your strength (+5).
   It protects you from poison.
Jewellery
 a - an amulet of the acrobat (around neck)
 r - an uncursed ring of positive energy
 v - an uncursed ring of protection from cold
 w - a +6 ring of slaying (right hand)
 A - a +3 ring of protection (left hand)
 G - an uncursed ring of fire
Wands
 f - a wand of paralysis (6)
 g - a wand of acid (3)
 q - a wand of digging (6)
 u - a wand of iceblast (20)
 F - a wand of polymorph (40)
 H - a wand of random effects (88)
 L - a wand of disintegration (4)
 M - a wand of enslavement (9)
 S - a wand of flame (57)
 V - a wand of scattershot (7)
Scrolls
 b - 20 scrolls of remove curse
 e - 4 scrolls of fog
 y - 5 scrolls of amnesia
 J - a scroll of immolation
 O - 2 scrolls of magic mapping
 P - 4 scrolls of fear
 Q - 3 scrolls of summoning
 T - 4 scrolls of teleportation
 Z - 3 scrolls of blinking
Potions
 h - 5 potions of lignification
 i - 3 potions of agility
 j - 2 potions of resistance
 k - 5 potions of flight
 l - 11 potions of curing
 m - 4 potions of might
 s - 2 potions of magic
 t - 7 potions of haste
 x - a potion of berserk rage
 z - 3 potions of mutation
 B - 7 potions of ambrosia
 D - 5 potions of invisibility
 I - a potion of cancellation
Miscellaneous
 p - a lightning rod (4/4)
 N - a lamp of fire
 X - a phantom mirror
Comestibles
 c - 42 rations


   Skills:
 - Level 15.0 Fighting
 - Level 26.3 Polearms
 + Level 0.4 Throwing
 + Level 12.4 Armour
 - Level 4.0 Dodging
 - Level 2.1 Stealth
 - Level 8.0 Invocations
 - Level 8.0 Evocations


You had 16 spell levels left.
You didn't know any spells.
Your spell library contained the following spells:

 Spells                   Type           Power        Failure   Level  Hunger
 Animate Skeleton         Necr           N/A          91%         1    ##.....
 Apportation              Tloc           #.....       91%         1    ##.....
 Beastly Appendage        Tmut           #.....       91%         1    ##.....
 Confusing Touch          Hex            #.....       91%         1    ##.....
 Corona                   Hex            #......      91%         1    ##.....
 Flame Tongue             Conj/Fire      #....        91%         1    ##.....
 Infusion                 Chrm           #...         91%         1    ##.....
 Magic Dart               Conj           #...         91%         1    ##.....
 Shock                    Conj/Air       #...         91%         1    ##.....
 Summon Small Mammal      Summ           #...         91%         1    ##.....
 Blink                    Tloc           N/A          97%         2    ###....
 Call Imp                 Summ           #.......     97%         2    ###....
 Ensorcelled Hibernation  Hex/Ice        #.....       97%         2    ###....
 Poisonous Vapours        Pois/Air       #.....       97%         2    ###....
 Shroud of Golubria       Chrm/Tloc      #.........   97%         2    ###....
 Slow                     Hex            #.......     97%         2    ###....
 Song of Slaying          Chrm           #.......     97%         2    ###....
 Swiftness                Chrm/Air       #.......     97%         2    ###....
 Throw Flame              Conj/Fire      #.....       97%         2    ###....
 Confuse                  Hex            #.......     100%        3    ####...
 Conjure Flame            Conj/Fire      #.......     100%        3    ####...
 Dazzling Spray           Conj/Hex       #.....       100%        3    ####...
 Ignite Poison            Fire/Tmut/Pois #.......     100%        3    ####...
 Inner Flame              Hex/Fire       #.......     100%        3    ####...
 Mephitic Cloud           Conj/Pois/Air  #.......     100%        3    ####...
 Recall                   Summ/Tloc      N/A          100%        3    ####...
 Regeneration             Chrm/Necr      #.........   100%        3    ####...
 Spectral Weapon          Hex/Chrm       #.......     100%        3    ####...
 Static Discharge         Conj/Air       #.......     100%        3    ####...
 Tukima's Dance           Hex            #.......     100%        3    ####...
 Airstrike                Air            #.........   100%        4    #####..
 Animate Dead             Necr           N/A          100%        4    #####..
 Leda's Liquefaction      Hex/Erth       #.........   100%        4    #####..
 Sticky Flame             Conj/Fire      #.......     100%        4    #####..
 Bolt of Magma            Conj/Fire/Erth #.........   100%        5    ######.
 Borgnjor's Vile Clutch   Necr/Erth      #.........   100%        5    ######.
 Fireball                 Conj/Fire      #.........   100%        5    ######.
 Iskenderun's Battlesphe  Conj/Chrm      #.......     100%        5    ######.
 Lightning Bolt           Conj/Air       #.........   100%        5    ######.
 Venom Bolt               Conj/Pois      #.........   100%        5    ######.
 Death Channel            Necr           #.........   100%        6    #######
 Freezing Cloud           Conj/Ice/Air   #.........   100%        6    #######
 Iron Shot                Conj/Erth      #.........   100%        6    #######
 Simulacrum               Ice/Necr       #.........   100%        6    #######
 Statue Form              Tmut/Erth      #........    100%        6    #######
 Orb of Destruction       Conj           #.........   100%        7    #######
 Ring of Flames           Chrm/Fire      #.........   100%        7    #######
 Spellforged Servitor     Conj/Summ      #.........   100%        7    #######
 Shatter                  Erth           #.........   100%        9    #######


Dungeon Overview and Level Annotations

Branches:
Dungeon (15/15)            Temple (1/1) D:4            Lair (6/6) D:11
 Shoals (2/4) Lair:3       Spider (4/4) Lair:4        Slime (0/5) Lair:5
    Orc (2/2) D:12            Elf (0/3) Orc:2        Vaults (0/5) D:13
 Depths (0/5) D:15

Altars:
Dithmenos
Hepliaklqana
Okawaru
Ru
Sif Muna
Wu Jian

Shops:
D:8 *   D:9 *   Orc:2 [:}**   Shoals:1 }

Annotations:
D:8 1 runed translucent door, xccam's ghost, journeyman TrMo
Orc:2 2 transporters, doot's ghost, journeyman TeMo


Message History

Aim: a kraken (water, severely wounded, lightly drained)
The bolt of acid hits the kraken.
The kraken is splashed with acid.
The tentacle slaps Shatamurrim!
The tentacle misses you.
The tentacle slaps you but does no damage.
The kraken bites you!!
* * * LOW HITPOINT WARNING * * *
The tentacle barely misses you.
Shatamurrim hits the tentacle with a +0 dagger of draining!
Shatamurrim drains the tentacle.
The tentacle slaps Shatamurrim but does no damage.
That's the wrong kind of item! (Use * to select it.)
Aim: a kraken (water, almost dead, lightly drained)
You can't see any item there.
Okay, then.
Aim: a kraken (water, almost dead, lightly drained)
The burst of metal fragments hits the kraken but does no damage. x2
The burst of metal fragments hits the kraken.
The burst of metal fragments hits the kraken but does no damage. x7
The tentacle slaps you!
You die...

##################
≈≈≈≈≈≈≈≈≈≈≈≈≈≈≈≈≈≈≈≈≈≈≈≈
≈≈≈≈≈≈≈≈≈≈≈≈≈≈≈≈≈≈≈≈≈≈≈≈
≈≈≈≈≈≈w≈≈≈≈≈≈≈≈≈≈≈≈≈≈≈≈≈
≈≈≈≈≈≈wR≈≈≈≈≈≈≈≈≈≈≈≈≈≈≈≈
≈≈≈≈≈≈X@≈≈≈≈≈≈≈≈≈≈≈≈≈≈≈≈
.≈≈≈≈≈w≈w≈≈≈≈≈≈≈≈≈≈≈≈≈≈≈
≈≈≈≈≈≈≈≈≈≈≈≈≈≈≈≈≈≈≈≈≈≈≈≈
.≈.≈≈≈≈≈≈≈≈≈≈≈≈≈≈≈≈≈≈≈≈≈
≈≈≈≈≈≈≈≈≈≈≈≈≈≈≈≈≈≈≈≈≈≈≈≈
≈≈≈≈≈≈≈≈≈≈≈≈≈≈≈≈≈≈≈≈≈≈≈≈
≈≈≈≈≈≈≈≈≈≈≈≈≈≈≈≈≈≈≈≈≈≈≈≈
.≈≈..≈≈≈≈≈≈≈≈≈≈≈≈≈≈≈≈≈≈≈
...≈≈≈≈≈≈≈≈≈≈≈≈≈≈≈≈≈≈≈


You could see the friendly Shatamurrim the hexer, a kraken and 4 tentacles.

Vanquished Creatures
  Rupert (Lair:6)
  A kraken (Shoals:1)
  Kirke (D:14)
  A fire giant (D:15)
  2 emperor scorpions
  4 ghost moths
  A reaper (IceCv)
  An entropy weaver (Spider:2)
  3 spark wasps (Spider:4)
  Azrael (D:14)
  A merfolk javelineer (Shoals:2)
  Josephine (Lair:5)
  2 merfolk impalers
  A vault guard (D:13)
  8 hydras
  Harold (D:9)
  An ice dragon (D:13)
  2 centaur warriors
  2 catoblepae
  A merfolk avatar (Shoals:1)
  Erica (D:10)
  2 merfolk aquamancers (Shoals:1)
  A deep troll shaman (Lair:6)
  5 tengu warriors
  A queen ant (Lair:3)
  3 orc high priests (Orc:2)
  9 death yaks
  3 two-headed ogres
  5 skeletal warriors (D:15)
  3 unseen horrors
  4 sea snakes
  A wizard (D:10)
  11 orb spiders
  A lindwurm (Lair:2)
  4 orc knights (Orc:2)
  A wolf spider zombie (D:15)
  6 harpies (Shoals:1)
  4 orc sorcerers
  12 wolf spiders
  A deep elf mage (D:13)
  4 cyclopes
  2 fauns
  An oklob plant (Lair:2)
  9 ugly things
  3 moths of wrath (Spider:2)
  4 elephants
  A centaur zombie (D:14)
  5 manticores
  A merfolk siren (Shoals:1)
  3 black mambas
  Joseph (D:10)
  5 water nymphs
  10 spiny frogs
  2 ice statues (IceCv)
  A gargoyle (D:10)
  2 torpor snails (Spider:2)
  2 komodo dragons
  A freezing wraith (D:13)
  8 demonic crawlers
  2 kobold demonologists
  2 rime drakes
  10 ice devils (IceCv)
  A tengu conjurer (D:14)
  5 trolls
  36 jumping spiders
  A merfolk (shapeshifter) (D:13)
  A polar bear (shapeshifter) (D:14)
  2 polar bears
  2 wind drakes
  6 hornets (Spider:4)
  12 merfolk
  2 snapping turtles
  4 slime creatures
  3 blink frogs (Lair:5)
  8 hippogriffs
  A vampire (D:13)
  5 wraiths
  6 water elementals (Shoals:1)
  82 redbacks
  27 tarantellas
  7 wyverns
  4 hogs (D:14)
  19 yaks
  3 fire elementals (D:14)
  2 vampire mosquitoes (D:14)
  2 hungry ghosts
  Menkaure (D:6)
  5 wargs
  Edmund (D:6)
  7 soldier ants
  7 porcupines
  4 acid dragons
  2 hell hounds (D:14)
  11 water moccasins
  4 ice beasts
  A hornet zombie (D:10)
  4 black bears
  2 necrophages
  A phantom (D:10)
  14 orc warriors
  2 sky beasts
  18 wolves
  8 ogres
  11 centaurs
  6 crocodiles
  13 big kobolds
  13 bullfrogs
  A wyvern zombie (D:6)
  5 scorpions
  5 killer bees
  2 wights (D:6)
  An electric eel (Spider:2)
  2 howler monkeys
  5 crimson imps
  7 hounds
  3 quasits
  13 orc priests
  10 jellies
  A centaur skeleton (D:12)
  17 orc wizards
  4 bullfrog skeletons
  Jessica (D:3)
  7 iguanas
  34 worker ants
  A hound zombie (D:9)
  A hound skeleton (D:9)
  A worker ant zombie (D:9)
  4 mummies
  A howler monkey skeleton (D:5)
  6 gnolls
  10 adders
  2 shadow imps
  19 white imps
  4 ufetubi (IceCv)
  2 oozes
  An adder zombie (D:8)
  A worm (D:3)
  4 dart slugs
  4 leopard geckos
  44 orcs
  5 giant cockroaches
  A gnoll zombie (Ossuary)
  8 goblins
  7 hobgoblins
  3 jackals (D:5)
  2 quokkas
  8 bats
  4 frilled lizards
  2 hobgoblin zombies (Ossuary)
  A jackal skeleton (D:5)
  29 kobolds
  2 kobold zombies (Ossuary)
  An orc zombie (Ossuary)
  A quokka skeleton (D:3)
  A quokka zombie (D:4)
  23 rats
  A rat zombie (D:4)
  A fungus (Lair:4)
  A plant (Lair:2)
  A tentacle (Shoals:1)
894 creatures vanquished.

Vanquished Creatures (collateral kills)
  A hydra (Lair:4)
  2 deep elf knights (D:10)
  3 wolf spiders
  A faun (Shoals:1)
  An orb spider (Spider:4)
  A harpy (Shoals:1)
  2 ugly things
  An orc sorcerer (Orc:2)
  An elephant (Lair:6)
  A spiny frog (Lair:5)
  A centaur skeleton (D:10)
  3 jumping spiders
  A merfolk (Shoals:1)
  A snapping turtle (Shoals:1)
  9 redbacks
  A wyvern (Lair:5)
  A water elemental (Shoals:1)
  A wraith (Lair:5)
  4 yaks
  2 vampire mosquitoes (D:14)
  2 hungry ghosts
  3 water moccasins
  A porcupine (Lair:5)
  3 ice beasts
  2 orc warriors
  3 sky beasts
  3 wolves
  An ogre (Orc:1)
  3 centaurs
  A big kobold (D:8)
  2 bullfrogs
  A killer bee (D:10)
  2 wights (D:6)
  A crimson imp (D:15)
  A quasit (D:5)
  2 hounds
  2 orc wizards
  An orc priest (Orc:2)
  A bullfrog skeleton (D:12)
  An iguana (D:12)
  5 worker ants
  An adder (D:3)
  A white imp (Lair:4)
  An ufetubus (IceCv)
  2 worms
  3 leopard geckos
  13 orcs
  A ball python (D:5)
  A giant cockroach (D:3)
  2 hobgoblins
  A frilled lizard (D:5)
  A goblin (D:3)
  5 kobolds
  An orc zombie (Ossuary)
112 creatures vanquished.

Vanquished Creatures (others)
  An unseen horror (D:14)
  An orb spider (Spider:4)
  A jumping spider (Spider:2)
  An orc priest (Orc:2)
  3 white imps (IceCv)
  2 ufetubi (IceCv)
  57 hexers
  7 fungi
  6 plants
  4 tentacles (Shoals:1)
83 creatures vanquished.

Grand Total: 1089 creatures vanquished

Notes
Turn   | Place    | Note
-------+----------+-------------------------------------------
     0 | D:1      | melvinkitnick the Merfolk Monk began the quest for the Orb.
     0 | D:1      | Reached XP level 1. HP: 18/18 MP: 1/1
    34 | D:1      | Reached skill level 5 in Polearms
    48 | D:1      | Reached XP level 2. HP: 16/24 MP: 2/2
   258 | D:1      | Reached skill level 6 in Polearms
   258 | D:1      | Reached XP level 3. HP: 24/29 MP: 3/3
  1241 | D:2      | Reached skill level 7 in Polearms
  1241 | D:2      | Reached XP level 4. HP: 31/35 MP: 4/4
  1472 | D:2      | Found a faded altar of an unknown god.
  1478 | D:2      | Became a worshipper of Hepliaklqana the Forgotten
  1478 | D:2      | Reached * piety under Hepliaklqana
  1478 | D:2      | Reached ** piety under Hepliaklqana
  1479 | D:2      | Remembered your ancestor Shatamurrim as a hexer
  2040 | D:3      | Reached *** piety under Hepliaklqana
  2315 | D:3      | Reached skill level 8 in Polearms
  2315 | D:3      | Reached XP level 5. HP: 36/36 MP: 5/5
  2629 | D:3      | Noticed Jessica
  2636 | D:3      | Killed Jessica
  2814 | D:4      | Found a staircase to the Ecumenical Temple.
  2824 | Temple   | Entered the Ecumenical Temple
  2906 | D:4      | Found a sand-covered staircase.
  2913 | Ossuary  | Entered an ossuary
  3010 | Ossuary  | Reached skill level 9 in Polearms
  3389 | D:4      | Reached XP level 6. HP: 42/42 MP: 6/6
  3622 | D:4      | Reached skill level 10 in Polearms
  4104 | D:5      | Entered Level 5 of the Dungeon
  4298 | D:5      | Reached skill level 1 in Armour
  4298 | D:5      | Reached XP level 7. HP: 30/47 MP: 7/7
  4635 | D:5      | Reached **** piety under Hepliaklqana
  4745 | D:5      | Found a deep blue altar of Sif Muna.
  5252 | D:5      | Found a hazy altar of Hepliaklqana.
  5252 | D:5      | Found a sacrificial altar of Ru.
  5407 | D:5      | Found a shadowy altar of Dithmenos.
  5506 | D:6      | Reached skill level 5 in Fighting
  5506 | D:6      | Reached skill level 11 in Polearms
  5506 | D:6      | Reached XP level 8. HP: 55/55 MP: 8/8
  5571 | D:6      | Found an iron altar of Okawaru.
  5877 | D:6      | Found a shadowy altar of Dithmenos.
  6585 | D:6      | Reached skill level 12 in Polearms
  6638 | D:6      | Noticed Menkaure
  6638 | D:6      | Noticed Edmund
  6652 | D:6      | Killed Menkaure
  6652 | D:6      | Reached XP level 9. HP: 62/62 MP: 9/9
  6669 | D:6      | Killed Edmund
  6788 | D:6      | Identified a scroll of acquirement
  7005 | D:7      | Reached skill level 13 in Polearms
  7777 | D:8      | Noticed a kobold demonologist
  7785 | D:8      | Noticed an orange demon
  7792 | D:8      | Killed a kobold demonologist
  7792 | D:8      | Reached skill level 14 in Polearms
  7806 | D:8      | Reached skill level 5 in Armour
  7806 | D:8      | Reached XP level 10. HP: 71/71 MP: 10/10
  8088 | D:8      | Found Efopott's General Store.
  8143 | D:8      | Reached skill level 15 in Polearms
  8574 | D:8      | Reached ***** piety under Hepliaklqana
  8575 | D:8      | Found a runed translucent door.
  8575 | D:8      | Noticed xccam's ghost (journeyman TrMo)
  8744 | D:9      | Found an ornate altar of the Wu Jian Council.
  8788 | D:9      | Noticed Harold
  8798 | D:9      | Killed Harold
  8824 | D:9      | Reached skill level 16 in Polearms
  9395 | D:9      | Found Aqit's General Store.
  9581 | D:9      | Reached XP level 11. HP: 64/76 MP: 11/11
  9702 | D:10     | Entered Level 10 of the Dungeon
  9703 | D:10     | Noticed a deep elf knight
  9704 | D:10     | Noticed Joseph
  9838 | D:10     | Noticed a +5 long sword
  9838 | D:10     | Noticed a wizard
  9838 | D:10     | Noticed a deep elf knight
  9887 | D:10     | Reached skill level 17 in Polearms
 10674 | D:10     | Killed Joseph
 10928 | D:10     | Killed a deep elf knight
 10936 | D:10     | Reached skill level 18 in Polearms
 10996 | D:10     | Killed a wizard
 11010 | D:10     | Killed a deep elf knight
 11211 | D:10     | Killed an unseen horror
 11384 | D:10     | Noticed Erica
 11398 | D:10     | Killed Erica
 11398 | D:10     | Reached skill level 19 in Polearms
 11701 | D:11     | Noticed a two-headed ogre
 11711 | D:11     | Killed a two-headed ogre
 11711 | D:11     | Reached XP level 12. HP: 81/81 MP: 12/12
 11900 | D:11     | Found a staircase to the Lair.
 12262 | D:11     | Reached skill level 20 in Polearms
 12763 | D:12     | Noticed a six-headed hydra
 12850 | Lair:1   | Entered Level 1 of the Lair of Beasts
 13132 | Lair:1   | Found a dark tunnel.
 14236 | Lair:2   | Reached skill level 21 in Polearms
 14909 | Lair:3   | Reached XP level 13. HP: 89/89 MP: 13/13
 15380 | Lair:3   | Reached skill level 1 in Evocations
 15453 | Lair:3   | Found a staircase to the Shoals.
 16326 | Lair:4   | Reached ****** piety under Hepliaklqana
 16391 | Lair:4   | Found a frozen archway.
 16422 | IceCv    | Entered an ice cave
 16875 | IceCv    | Reached skill level 10 in Fighting
 17571 | IceCv    | Noticed a reaper
 17605 | IceCv    | Got a translucent demon blade
 17619 | IceCv    | Killed a reaper
 17955 | IceCv    | Reached skill level 22 in Polearms
 18273 | Lair:4   | Found a hole to the Spider Nest.
 19176 | Lair:5   | Noticed Josephine
 19576 | Lair:5   | Found a staircase to the Slime Pits.
 19610 | Lair:5   | Reached XP level 14. HP: 72/99 MP: 17/17
 19832 | Lair:5   | Identified the +6 demon blade of Judgement {flame, *Corrode
                  | rElec rN++ Int+6} (You found it in an ice cave)
 20021 | Lair:5   | Killed Josephine
 20310 | Lair:6   | Entered Level 6 of the Lair of Beasts
 20516 | Lair:6   | Noticed Rupert
 20534 | Lair:6   | Killed Rupert
 20534 | Lair:6   | Reached skill level 5 in Evocations
 21059 | Lair:6   | Reached skill level 23 in Polearms
 21588 | Lair:6   | Reached skill level 10 in Armour
 21649 | Lair:6   | Identified the Grimoire of Mutagenic Talismans
 22045 | D:12     | Found a staircase to the Orcish Mines.
 22912 | D:13     | Found a sacrificial altar of Ru.
 23889 | D:13     | Reached XP level 15. HP: 96/108 MP: 18/20
 23912 | D:13     | Found a gate to the Vaults.
 24086 | D:14     | Noticed Kirke
 24999 | D:14     | Reached skill level 24 in Polearms
 25086 | D:14     | Killed Kirke
 25519 | D:14     | Noticed Azrael
 25538 | D:14     | Killed Azrael
 25715 | D:15     | Entered Level 15 of the Dungeon
 26250 | D:15     | Noticed a fire giant
 26382 | D:15     | Found a staircase to the Depths.
 26392 | D:15     | Killed a fire giant
 27311 | D:15     | Reached skill level 1 in Invocations
 27458 | Orc:1    | Entered Level 1 of the Orcish Mines
 27774 | Orc:2    | Entered Level 2 of the Orcish Mines
 27774 | Orc:2    | Found a transporter.
 27774 | Orc:2    | Found a transporter.
 27774 | Orc:2    | Noticed doot's ghost (journeyman TeMo)
 28138 | Orc:2    | Paralysed by an orc sorcerer for 7 turns
 28476 | Orc:2    | Found Liyt's Armour Shoppe.
 28539 | Orc:2    | Found a staircase to the Elven Halls.
 29087 | Orc:2    | Reached XP level 16. HP: 83/116 MP: 22/22
 29160 | Orc:2    | Reached skill level 25 in Polearms
 29447 | Orc:2    | Found Fofuki Apse's Assorted Antiques.
 29447 | Orc:2    | Found Douh's General Store.
 29449 | Orc:2    | Found Ipsey's Gadget Shoppe.
 29449 | Orc:2    | Found Vekequdgh's Book Shop.
 29874 | Orc:2    | Bought a scroll of blinking for 210 gold pieces
 29874 | Orc:2    | Bought a scroll of identify for 56 gold pieces
 30037 | D:9      | Bought a scroll of enchant weapon for 97 gold pieces
 30037 | D:9      | Bought a wand of acid (5) for 234 gold pieces
 30037 | D:9      | Bought a scroll of teleportation for 39 gold pieces
 30037 | D:9      | Bought a potion of heal wounds for 65 gold pieces
 30062 | D:8      | Bought a scroll of enchant armour for 97 gold pieces
 30062 | D:8      | Bought the cursed +0 chain mail "Zynewn" {rPois Str+5} for
                  | 301 gold pieces
 30062 | D:8      | Bought a scroll of fog for 26 gold pieces
 30256 | Spider:1 | Entered Level 1 of the Spider Nest
 30752 | Orc:2    | Bought a scroll of identify for 32 gold pieces
 30752 | Orc:2    | Bought a scroll of enchant armour for 120 gold pieces
 31020 | Spider:1 | Got a slimy scale mail
 32992 | Spider:3 | Reached skill level 5 in Invocations
 34715 | Spider:4 | Entered Level 4 of the Spider Nest
 34767 | Spider:4 | Reached skill level 26 in Polearms
 34885 | Spider:4 | HP: 5/118 [disintegration (23)]
 35399 | Spider:4 | Reached XP level 17. HP: 117/124 MP: 23/23
 35692 | Spider:4 | Paralysed by a hornet for 1 turns
 37150 | Spider:4 | Got a gossamer rune of Zot
 37314 | Shoals:1 | Entered Level 1 of the Shoals
 37846 | Shoals:1 | Found Jaubroxo's Gadget Shop.
 39367 | Shoals:1 | Noticed a kraken
 39381 | Shoals:1 | Killed a kraken
 39784 | Shoals:2 | Reached skill level 15 in Fighting
 40477 | Shoals:2 | Noticed a kraken
 40490 | Shoals:2 | Slain by a tentacle

Skill      XL: |  1  2  3  4  5  6  7  8  9 10 11 12 13 14 15 16 17 |
---------------+----------------------------------------------------+-----
Polearms       | 5 6 7 8 9 10 11 12 14 16 19 21 22 23 24 26 | 26.3
Armour         | 1 2 3 5 6 7 8 9 10 11 12 | 12.4
Fighting       | 5 6 8 9 10 11 12 13 15 | 15.0
Evocations     | 4 6 8 |  8.0
Invocations    | 2 6 8 |  8.0
Throwing       | |  0.4
Dodging        | |  4.0
Stealth        | |  2.1

Action                   |  1- 3 |  4- 6 |  7- 9 | 10-12 | 13-15 | 16-18 || total
-------------------------+-------+-------+-------+-------+-------+-------++-------
Melee: Spear             |   145 |   319 |   237 |       |       |       ||   701
       Halberd           |       |       |    51 |       |       |       ||    51
       Bardiche          |       |       |    86 |   512 |  1128 |   762 ||  2488
       Quarterstaff      |       |       |       |       |     4 |       ||     4
       Tailslap          |       |       |       |       |       |    22 ||    22
Throw: Throwing net      |       |       |       |       |     1 |       ||     1
Invok: Recall Ancestor   |       |     2 |       |     2 |     2 |       ||     6
       Ancestor Life: He |       |     1 |       |       |       |       ||     1
       Idealise          |       |       |       |       |     1 |       ||     1
Evoke: Wand              |       |       |       |     6 |    24 |    23 ||    53
       Lightning rod     |       |       |       |       |    11 |     1 ||    12
       Lamp of fire      |       |       |       |       |     1 |       ||     1
  Use: Scroll            |     4 |     7 |    10 |     7 |    14 |    14 ||    56
       Potion            |       |       |       |       |     8 |     4 ||    12
 Stab: Sleeping          |    10 |     3 |     1 |       |       |       ||    14
       Distracted        |       |       |     3 |     3 |    11 |    12 ||    29
       Confused          |       |       |     2 |     5 |     4 |     6 ||    17
       Petrified         |       |       |       |       |     4 |       ||     4
       Held in net/web   |       |       |       |       |     1 |     1 ||     2
       Paralysed         |       |       |       |       |    12 |    17 ||    29
  Eat: Chunk             |     1 |     5 |    21 |    30 |    53 |    12 ||   122
       Ration            |       |     1 |     1 |       |       |     5 ||     7
Armor: Robe              |    12 |       |       |       |       |       ||    12
       Ring mail         |       |    64 |    50 |       |       |       ||   114
       Plate armour      |       |       |    53 |    79 |   323 |     7 ||   462
       Chain mail        |       |       |       |   305 |   224 |   381 ||   910
Dodge: Dodged            |    70 |   110 |    94 |   176 |   412 |   525 ||  1387
       Deflected         |       |       |       |       |    23 |     8 ||    31
